 Dungeon Crawl Stone Soup version 0.25.0-1-g7eea58d (webtiles) character file.

Game seed: 1731583221595616646

497 lyrin the Chiller (level 7, 0/44 HPs)
             Began as a Halfling Ice Elementalist on June 27, 2020.
             Was a Believer of Makhleb.
             Slain by a centaur (5 damage)
             ... on level 5 of the Dungeon.
             The game lasted 00:09:41 (6724 turns).

lyrin the Chiller (Halfling Ice Elementalist)       Turns: 6724, Time: 00:09:45

Health: 0/44       AC:  2    Str: 11    XL:     7   Next: 38%
Magic:  5/10       EV: 16    Int: 13    God:    Makhleb [**....]
Gold:   142        SH:  0    Dex: 15    Spells: 6/10 levels left

rFire    . . .     SeeInvis .   q - +3 short sword (holy)
rCold    . . .     Gourm    .   (shield restricted)
rNeg     . . .     Faith    .   a - +0 robe
rPois    .         Spirit   .   (no helmet)
rElec    .         Reflect  .   (no cloak)
rCorr    .         Harm     .   (no gloves)
MR       .....                  (no boots)
Stlth    ++........             (no amulet)
HPRegen  0.14/turn              (no ring)
MPRegen  0.12/turn              (no ring)

@: no status effects
A: small, mutation resistance 1
a: Minor Destruction, Renounce Religion


You were on level 5 of the Dungeon.
You worshipped Makhleb.
Makhleb was pleased with you.
You were hungry.

You visited 1 branch of the dungeon, and saw 5 of its levels.

You collected 142 gold pieces.

Inventory:

Hand Weapons
 k - a +2 dagger of draining
 q - a +3 short sword of holy wrath (weapon)
 r - a +1 short sword of venom
Missiles
 e - 5 curare-tipped darts
 f - 14 poisoned darts (quivered)
 w - a throwing net
Armour
 a - a +0 robe (worn)
Wands
 n - a wand of iceblast (4)
Scrolls
 d - a scroll of enchant weapon {unknown}
 l - 2 scrolls of identify {unknown}
 o - a scroll of teleportation {unknown}
 u - a scroll of fog {unknown}
 x - a scroll of immolation {unknown}
Potions
 b - a potion of brilliance {unknown}
 g - a potion of heal wounds {unknown}
 h - a potion of might {unknown}
 i - a potion of cancellation {unknown}
 j - 3 potions of degeneration {unknown}
 m - 3 potions of lignification {unknown}
 p - a potion of flight {unknown}
 t - a potion of stabbing {unknown}
 v - a potion of curing {unknown}
Comestibles
 c - 11 rations


   Skills:
 + Level 1.7 Fighting
 * Level 3.8 Short Blades
 + Level 4.0 Dodging
 - Level 2.1 Stealth
 + Level 0.4 Unarmed Combat
 - Level 2.0 Spellcasting
 + Level 6.2 Ice Magic


You had 6 spell levels left.
You knew the following spells:

 Your Spells              Type           Power        Failure   Level  Hunger
a - Freeze                Ice            ###.         1%          1    ##.....
b - Frozen Ramparts       Ice            ###...       6%          3    ####...

Your spell library contained the following spells:

 Spells                   Type           Power        Failure   Level  Hunger
 Ozocubu's Armour         Chrm/Ice       #.......     22%         3    ####...
 Hailstorm                Conj/Ice       #.......     56%         4    #####..
 Summon Ice Beast         Ice/Summ       #.......     56%         4    #####..


Dungeon Overview and Level Annotations

Branches:
Dungeon (5/15)
 Temple: D:4-7

Altars:
Makhleb


Innate Abilities, Weirdness & Mutations

You are small and have problems with some larger weapons.
You are somewhat resistant to further mutation.


Message History

The bullfrog zombie completely resists.
The wall freezes the bullfrog zombie but do no damage.
The bullfrog zombie closely misses you.
You hit the centaur.
The centaur is moderately wounded.
The bullfrog zombie completely resists.
The wall freezes the bullfrog zombie but do no damage.
The bullfrog zombie misses you.
The wall freezes the centaur.
The centaur unwields a +0 shortbow.
The centaur hits you.
* * * LOW HITPOINT WARNING * * *
The bullfrog zombie completely resists.
The wall freezes the bullfrog zombie but do no damage.
The bullfrog zombie completely misses you.
You hit the centaur.
The centaur is heavily wounded.
The frozen ramparts melt away.
The centaur closely misses you. The bullfrog zombie hits you.
* * * LOW HITPOINT WARNING * * *
The centaur hits you.
You die...

..........# .......
....^.....#........#
..........#........#######
#........#..............#
##........#..............#
..........#..............+
......†...#..........÷...#
..........#.............†#
.........@#(.......######.
##.......Zc........# #.
#...##...#........# #.
#.... #####........# #.
#... #........# #. #...
#........# #. #........#
#. #........# #.
#........# #.


You could see a centaur and a bullfrog zombie.

Vanquished Creatures
  The ghost of jorbis the Sneak, an amateur SpWn of Dithmenos (D:3)
  A water moccasin (D:5)
  An orc wizard (D:5)
  A worker ant (D:5)
  4 gnolls (D:2)
  9 adders
  An ooze (D:3)
  2 adder skeletons
  4 worms
  4 dart slugs
  3 leopard geckos
  3 orcs (D:5)
  3 ball pythons
  5 giant cockroaches
  2 goblins
  4 hobgoblins
  11 jackals
  17 kobolds
  2 quokkas (D:5)
  11 bats
  7 frilled lizards
  A leopard gecko skeleton (D:4)
  4 rats
101 creatures vanquished.

Vanquished Creatures (others)
  3 fungi (D:3)
  A plant (D:3)
4 creatures vanquished.

Grand Total: 105 creatures vanquished

Notes
Turn   | Place    | Note
-------+----------+-------------------------------------------
     0 | D:1      | lyrin the Halfling Ice Elementalist began the quest for the
                  | Orb.
     0 | D:1      | Reached XP level 1. HP: 11/11 MP: 3/3
   579 | D:1      | Reached XP level 2. HP: 17/18 MP: 1/4
   972 | D:1      | Reached XP level 3. HP: 17/22 MP: 5/5
  1551 | D:2      | Reached XP level 4. HP: 22/27 MP: 1/7
  2230 | D:2      | Found a faded altar of an unknown god.
  2266 | D:2      | Became a worshipper of Makhleb the Destroyer
  2266 | D:2      | Reached * piety under Makhleb
  2354 | D:2      | Reached skill level 5 in Ice Magic
  2363 | D:2      | Reached XP level 5. HP: 16/32 MP: 0/8
  2748 | D:2      | Reached skill level 1 in Short Blades
  2881 | D:2      | Reached skill level 1 in Fighting
  3509 | D:3      | Found a runed translucent gate.
  3509 | D:3      | Found a runed translucent gate.
  3509 | D:3      | Found a runed translucent gate.
  3511 | D:3      | Noticed jorbis's ghost (amateur SpWn)
  4155 | D:3      | Reached XP level 6. HP: 38/38 MP: 6/9
  4466 | D:2      | Learned a level 3 spell: Frozen Ramparts
  4975 | D:3      | Reached ** piety under Makhleb
  5221 | D:3      | Killed jorbis's ghost
  5221 | D:3      | Reached skill level 6 in Ice Magic
  5990 | D:5      | Entered Level 5 of the Dungeon
  6537 | D:5      | Noticed a water moccasin
  6554 | D:5      | Killed a water moccasin
  6554 | D:5      | Reached XP level 7. HP: 34/43 MP: 6/10
  6724 | D:5      | Slain by a centaur

Illustrated notes

Levels and vault maps discovered:
D:1:      dpeg_arrival_circle_labyrinth_a, layout_basic
D:2:      layout_basic, chequers_ecumenical_altar_grove
D:3:      layout_loops_corners, first_ration, gammafunk_ghost_nasty_kobolds
D:4:      layout_loops_ring
D:5:      layout_gridville

Skill      XL: |  1  2  3  4  5  6  7 |
---------------+----------------------+-----
Spellcasting   | 2 |  2.0
Ice Magic      | 5 6 |  6.2
Short Blades   | 1 3 |  3.8
Fighting       | 1 |  1.7
Dodging        | 3 4 |  4.0
Stealth        | |  2.1
Unarmed Combat | |  0.4

Action                   |  1- 3 |  4- 6 |  7- 9 || total
-------------------------+-------+-------+-------++-------
Melee: Dagger            |    63 |    93 |       ||   156
       Unarmed           |     6 |       |       ||     6
       Short sword       |       |    87 |    13 ||   100
 Cast: Freeze            |    34 |    53 |       ||    87
       Frozen Ramparts   |       |     4 |     2 ||     6
 Stab: Sleeping          |     2 |     4 |     1 ||     7
       Distracted        |       |     2 |       ||     2
  Eat: Chunk             |     3 |    14 |       ||    17
       Ration            |       |     1 |       ||     1
Armor: Robe              |    16 |    25 |       ||    41
Dodge: Dodged            |    91 |   206 |    19 ||   316
